 Dungeon Crawl Stone Soup version 0.29-a0-219-g0a02b1cf4f (webtiles) character file.

Game seed: 1479233725452551193

77 sammy202020 the Skirmisher (level 4, 0/35 HPs)
             Began as a Demonspawn Berserker on Feb 25, 2022.
             Was a Believer of Trog.
             Slain by a gnoll
             ... wielding a +0 halberd
              (4 damage)
             ... on level 3 of the Dungeon.
             The game lasted 00:03:26 (2721 turns).

sammy202020 the Skirmisher (Demonspawn Berserker)   Turns: 2721, Time: 00:03:26

Health: 0/35       AC: 13    Str: 19    XL:     4   Next: 13%
Magic:  4/4        EV: 11    Int:  8    God:    Trog [**....]
Gold:   55         SH:  0    Dex: 13    Spells: 3/3 levels left

rFire   . . .      SeeInvis .   a - +0 hand axe (protect)
rCold   . . .      Faith    .   (no shield)
rNeg    . . .      Spirit   .   g - +1 ring mail
rPois   .          Reflect  .   (no helmet)
rElec   .          Harm     .   (no cloak)
rCorr   .          Rampage  .   (no gloves)
Will    .....                   (no boots)
Stlth   +.........              (no amulet)
HPRegen 0.11/turn               (no ring)
MPRegen 0.09/turn               (no ring)

@: under a protective aura, on berserk cooldown, slowed, very slow
A: powered by pain 1
a: Renounce Religion, Berserk, Trog's Hand


You were on level 3 of the Dungeon.
You worshipped Trog.
Trog was pleased with you.
You visited 1 branch of the dungeon, and saw 3 of its levels.

You collected 55 gold pieces.

Inventory:

Hand Weapons
 a - a +0 hand axe of protection (weapon)
Armour
 g - a +1 ring mail (worn)
Wands
 m - a wand of flame (18)
Scrolls
 l - a scroll of amnesia
Potions
 b - a potion of degeneration {unknown}
 c - 2 potions of heal wounds
 e - a potion of might {unknown}


   Skills:
 + Level 3.5 Fighting
 + Level 3.3 Axes
 + Level 2.5 Armour
 + Level 2.4 Dodging


You had 3 spell levels left.
You didn't know any spells.
Your spell library was empty.

Dungeon Overview and Level Annotations

Branches:
Dungeon (3/15)

Altars:

Shops:
D:2 :


Innate Abilities, Weirdness & Mutations

You sometimes gain a little power by taking damage.


Message History

There is a stone staircase leading up here.
There are monsters nearby!
A gnoll comes into view. It is wielding a +0 spear.
A gnoll comes into view. It is wielding a +2 vorpal spear.
The gnoll shouts!
The gnoll closely misses you. The gnoll hits you but does no damage.
You hit the gnoll but do no damage.
Your weapon exudes an aura of protection.
The gnoll barely misses you. The gnoll hits you but does no damage.
The gnoll hits you from afar with a +0 halberd!
The gnoll hits you but does no damage.
You hit the gnoll but do no damage. The gnoll barely misses you.
The gnoll hits you from afar with a +0 halberd!
You hit the gnoll.
The gnoll is lightly wounded.
The gnoll hits you but does no damage.
The gnoll hits you from afar with a +0 halberd.
A red film seems to cover your vision as you go berserk!
You feel yourself moving faster!
You feel mighty!
The gnoll hits you from afar with a +0 halberd.
The gnoll hits you with a +0 halberd.
* * * LOW HITPOINT WARNING * * *
Okay, then.
You slash the gnoll!
You kill the gnoll!
Trog accepts your kill. The gnoll closely misses you.
You have reached level 4!
You feel agile.
You feel a strong urge to attack something.
You are no longer berserk.
You are exhausted.
You feel yourself slow down. The gnoll barely misses you.
The gnoll hits you from afar with a +0 spear.
* * * LOW HITPOINT WARNING * * *
The gnoll hits you but does no damage.
You hit the gnoll.
The gnoll is lightly wounded.
The gnoll closely misses you. The gnoll hits you with a +0 halberd.
You die...

#########.##
#...@ggg...#
#<#######..#
#.# #.# #.#
... ..# #.#
#.#


You could see 3 gnolls.

Vanquished Creatures
  A gnoll (D:3)
  An adder (D:2)
  A worm (D:2)
  2 dart slugs (D:1)
  A ball python (D:1)
  3 bats
  4 endoplasms
  3 giant cockroaches
  5 hobgoblins
  4 jackals (D:1)
  4 quokkas
  10 frilled lizards (D:2)
  5 goblins
  3 kobolds
  2 rats (D:2)
49 creatures vanquished.

Vanquished Creatures (others)
  8 plants (D:2)
8 creatures vanquished.

Grand Total: 57 creatures vanquished

Notes
Turn   | Place    | Note
-------+----------+-------------------------------------------
     0 | D:1      | sammy202020 the Demonspawn Berserker began the quest for
                  | the Orb.
     0 | D:1      | Reached XP level 1. HP: 18/18 MP: 1/1
   110 | D:1      | Gained mutation: You sometimes gain a little power by
                  | taking damage. [demonic ancestry]
   110 | D:1      | Reached XP level 2. HP: 11/24 MP: 2/2
  1246 | D:1      | Reached XP level 3. HP: 28/29 MP: 3/3
  1696 | D:2      | Found Wocuynuf's Book Emporium.
  1801 | D:2      | Reached ** piety under Trog
  2717 | D:3      | Reached XP level 4. HP: 13/35 MP: 4/4
  2721 | D:3      | Slain by a gnoll

Illustrated notes

Levels and vault maps discovered:
D:1:      dpeg_arrival_round_c, layout_basic, chequers_serial_rivers_room_a,
          feat_on_display
D:2:      layout_loops_ring, serial_shops, shop_statue, minmay_lizard_king
D:3:      layout_loops_ring, nicolae_qazlal_general_emergency,
          portal_sewer_entry_a, roderic_roman_lattice

Skill      XL: |  1  2 |
---------------+-------+-----
Armour         | 2 |  2.5
Dodging        | 2 |  2.4
Axes           | 3 |  3.3
Fighting       | |  3.5

Action                   |  1- 3 |  4- 6 || total
-------------------------+-------+-------++-------
Melee: Hand axe          |   191 |     1 ||   192
       Punch             |     1 |       ||     1
Invok: Berserk           |     1 |       ||     1
  Use: Scroll            |     8 |       ||     8
Armor: Animal skin       |     6 |       ||     6
       Ring mail         |    49 |     1 ||    50
Dodge: Dodged            |   138 |     2 ||   140

Table legend: (Time is in decaauts)
 A = Elapsed time spent in this place.
 B = Non-inter-level travel time spent in this place.
 C = Inter-level travel time spent in this place.
 D = Time resting spent in this place.
 E = Time spent auto-exploring this place.
 F = Levels seen in this place.
 G = Mean time per level.
                   A        B        C        D        E       F      G
               +--------+--------+--------+--------+--------+-----+--------+
         Total |   2747 |   2616 |    131 |      0 |   2167 |   3 |  915.7 |
       Dungeon |   2747 |   2616 |    131 |      0 |   2167 |   3 |  915.7 |
               +--------+--------+--------+--------+--------+-----+--------+

Top non-repeatable levels by time:
     D:1: 1582 daAuts
     D:2: 1152 daAuts
     D:3: 12 daAuts
